 Dungeon Crawl Stone Soup version 0.22-a0-469-gf26638a (webtiles) character file.

392 inmateoo the Skirmisher (level 6, 0/56 HPs)
             Began as a Hill Orc Necromancer on June 12, 2018.
             Was an Initiate of Cheibriados.
             Slain by Blork the orc
             ... wielding a cursed -2 battleaxe
              (8 damage)
             ... on level 4 of the Dungeon.
             The game lasted 00:05:04 (4361 turns).

inmateoo the Skirmisher (Hill Orc Necromancer)      Turns: 4361, Time: 00:05:05

Health: 0/56       AC: 10    Str: 11 (14) XL:     6   Next: 81%
Magic:  8/8        EV:  5    Int: 14 (16) God:    Cheibriados [......]
Gold:   140        SH:  0    Dex:  9 (12) Spells: 7/8 levels left

rFire    . . .     SeeInvis .   e - +3 short sword
rCold    . . .     Gourm    .   (no shield)
rNeg     . . .     Faith    .   d - +0 chain mail
rPois    +         Spirit   .   i - +1 helmet
rElec    .         Reflect  .   (no cloak)
rCorr    .         Harm     .   (no gloves)
MR       +....                  (no boots)
Stlth    ..........             f - amulet of inaccuracy (curse)
HPRegen  0.18/turn              h - ring of poison resistance
MPRegen  0.11/turn              a - ring of protection from magic

@: very slow
A: no striking features
a: Bend Time, Renounce Religion


You were on level 4 of the Dungeon.
You worshipped Cheibriados.
Cheibriados was noncommittal.
You were not hungry.

You visited 1 branch of the dungeon, and saw 4 of its levels.

You collected 140 gold pieces.

Inventory:

Hand Weapons
 e - a +3 short sword (weapon)
Armour
 d - a +0 chain mail (worn)
 i - a +1 helmet (worn)
Jewellery
 a - a ring of protection from magic (right hand)
 f - a cursed amulet of inaccuracy (around neck)
 h - a ring of poison resistance (left hand)
Wands
 k - a wand of iceblast (4)
Potions
 b - a potion of magic {unknown}
Comestibles
 c - 7 rations


   Skills:
 + Level 5.3 Fighting
 - Level 2.3 Short Blades
 - Level 1.5 Dodging
 - Level 1.5 Stealth
 * Level 4.3 Unarmed Combat
 - Level 1.5 Spellcasting
 - Level 4.0 Necromancy


You had 7 spell levels left.
You knew the following spells:

 Your Spells              Type           Power        Failure   Level  Hunger
a - Pain                  Necr           ##..         97%         1    ##.....

Your spell library contained the following spells:

 Spells                   Type           Power        Failure   Level  Hunger
 Animate Dead             Necr           N/A          100%        4    #####..
 Animate Skeleton         Necr           N/A          97%         1    ##.....
 Vampiric Draining        Necr           ##........   100%        3    ####...
 Regeneration             Chrm/Necr      #.........   100%        3    ####...


Dungeon Overview and Level Annotations

Branches:
Dungeon (4/15)
 Temple: D:4-7

Altars:
Cheibriados
Elyvilon
Qazlal
The Shining One

Annotations:
D:3 inmateoo's ghost, amateur HOVM
D:4 Blork the orc


Message History

Blork the orc hits you but does no damage.
The leopard gecko closely misses you.
You are too injured to fight recklessly!
You hit Blork the orc but do no damage.
Blork the orc is almost dead.
Blork the orc barely misses you.
The leopard gecko bites you but does no damage.
You are too injured to fight recklessly!
You are too injured to fight recklessly!
Your chain mail prevents you from hitting Blork the orc.
Blork the orc is almost dead.
The leopard gecko bites you but does no damage.
Blork the orc hits you with an enchanted battleaxe!
* * * LOW HITPOINT WARNING * * *
You are too injured to fight recklessly!
You hit Blork the orc.
Blork the orc is almost dead.
The leopard gecko bites you but does no damage.
Blork the orc hits you with an enchanted battleaxe!
You die...

#..........#...#.
#.#.#..[.......#.
#.#.#........)...
##.#.#####......#.
#...............#.
#..#.#.###......#.
#........##.....#.
#.............#.#[
.#.#####@#########.#.#...
.......ol..........#.#.#.
...................#.#.#.
.#######.#########.#.#.#.
######.#########.#.#...
...............##.#.####
..#####.######.##.......
#.............####
########.####.# #


You could see Blork the orc and a leopard gecko.

Vanquished Creatures
  Eustachio (D:4)
  Edmund (D:2)
  A worker ant (D:4)
  4 adders
  3 worms (D:2)
  A dart slug (D:2)
  A leopard gecko (D:2)
  7 orcs
  5 bats
  4 giant cockroaches
  8 goblins
  6 hobgoblins
  3 jackals (D:1)
  8 kobolds
  A quokka (D:2)
  2 ball pythons
  7 frilled lizards
  11 rats
74 creatures vanquished.

Notes
Turn   | Place    | Note
-------+----------+-------------------------------------------
     0 | D:1      | inmateoo the Hill Orc Necromancer began the quest for the Orb.
     0 | D:1      | Reached XP level 1. HP: 14/14 MP: 3/3
    28 | D:1      | Reached skill level 1 in Fighting
   292 | D:1      | Reached XP level 2. HP: 24/24 MP: 4/4
   315 | D:1      | Reached skill level 2 in Fighting
   975 | D:1      | Reached skill level 3 in Fighting
  1159 | D:2      | Reached XP level 3. HP: 27/31 MP: 5/5
  1413 | D:2      | Found a white marble altar of Elyvilon.
  1806 | D:2      | Reached skill level 4 in Fighting
  2092 | D:2      | Found a stormy altar of Qazlal.
  2094 | D:2      | Noticed a water elemental
  2095 | D:2      | Noticed an air elemental
  2095 | D:2      | Noticed an earth elemental
  2095 | D:2      | Noticed a fire elemental
  2138 | D:2      | Reached XP level 4. HP: 35/40 MP: 6/6
  2162 | D:2      | Reached skill level 1 in Short Blades
  2277 | D:2      | Found a glowing golden altar of the Shining One.
  2673 | D:3      | Noticed inmateoo's ghost (amateur HOVM)
  2830 | D:3      | Found a snail-covered altar of Cheibriados.
  3056 | D:3      | Became a worshipper of Cheibriados the Contemplative
  3293 | D:4      | Reached skill level 1 in Unarmed Combat
  3293 | D:4      | Reached XP level 5. HP: 34/46 MP: 7/7
  3328 | D:4      | Noticed Eustachio
  3489 | D:4      | Killed Eustachio
  3489 | D:4      | Reached XP level 6. HP: 55/55 MP: 8/8
  3672 | D:4      | Noticed Edmund
  3813 | D:2      | Killed Edmund
  3813 | D:2      | Reached skill level 5 in Fighting
  4337 | D:4      | Noticed Blork the orc
  4361 | D:4      | Slain by Blork the orc

Vault maps used:
D:1:      saegor_arrival_simple_d
D:2:      elyvilon_altar_5, nicolae_qazlal_style_of_elements,
          nicolae_tso_swordbearing_angel
D:3:      overflow_temple_1_default, vehumet_crystals,
          chequers_ecumenical_altar_grove
D:4:      nicolae_ashenzari_panopticon, temple_statues, st_stairs_5,
          uniq_blork_the_orc, uniq_edmund, uniq_eustachio

Skill      XL: |  1  2  3  4  5  6 |
---------------+-------------------+-----
Fighting       | 1 3 4 5 |  5.3
Short Blades   | 2 |  2.3
Unarmed Combat | 1 3 4 |  4.3
Dodging        | |  1.5
Stealth        | |  1.5
Spellcasting   | |  1.5
Necromancy     | |  4.0

Action                   |  1- 3 |  4- 6 || total
-------------------------+-------+-------++-------
Melee: Short sword       |   203 |   281 ||   484
       Unarmed           |    24 |     4 ||    28
       Punch             |       |     1 ||     1
 Cast: Pain              |     2 |       ||     2
Evoke: Wand              |       |     5 ||     5
  Use: Scroll            |     4 |     2 ||     6
       Potion            |     3 |     3 ||     6
 Stab: Sleeping          |     3 |     3 ||     6
       Invisible         |     2 |       ||     2
  Eat: Chunk             |     1 |     8 ||     9
       Ration            |     1 |       ||     1
Armor: Robe              |    55 |    40 ||    95
       Skin              |    15 |       ||    15
       Chain mail        |       |    73 ||    73
Dodge: Dodged            |   168 |   159 ||   327

Table legend:
 A = Spawn XP
 B = Non-spawn XP
 C = Spawn XP percentage of total XP
 D = Spawn monster count
 E = Non-spawn monster count
 F = Spawn count percentage of total count
 G = Total turns spent on level
                    A         B        C        D         E        F      G
               +---------+---------+-------+---------+---------+-------+---------
         Total |       0 |     561 |   0.0 |       0 |      74 |   0.0 |  4361
               +---------+---------+-------+---------+---------+-------+---------
           D:1 |       0 |      32 |   0.0 |       0 |      20 |   0.0 |  1321
           D:2 |       0 |     240 |   0.0 |       0 |      33 |   0.0 |  1968
           D:3 |       0 |      52 |   0.0 |       0 |      14 |   0.0 |   401
           D:4 |       0 |     237 |   0.0 |       0 |       7 |   0.0 |   671
               +---------+---------+-------+---------+---------+-------+---------
